 Dungeon Crawl Stone Soup version 0.16-a0-1212-geefc3ab (webtiles) character file.

14984 Kashira the Cleaver (level 12, -8/63 HPs)
             Began as a Vine Stalker Berserker on Oct 12, 2014.
             Was a High Priest of Trog.
             Mangled by an ettin
             ... wielding a +0 dire flail
              (23 damage)
             ... on level 3 of the Orcish Mines.
             The game lasted 00:47:17 (10934 turns).

Kashira the Cleaver (Vine Stalker Berserker)       Turns: 10934, Time: 00:47:24

Health: -8/63      AC:  7    Str: 22    XL:     12   Next: 22%
Magic:  0/23       EV: 19    Int:  6    God:    Trog [*****.]
Gold:   352        SH:  0    Dex: 16    Spells: 0 memorised, 11 levels left

rFire  . . .     SeeInvis +     B - +8 hand axe (elec)
rCold  . . .     Clarity  .     L - +2 robe {MR+}
rNeg   + . .     SustAb   .     (no shield)
rPois  .         Gourm    .     c - -2 helmet of the Tundras {MR++ SInv}
rElec  .         Spirit   +     t - +0 cloak
rCorr  .         Warding  .     r - +2 pair of gloves
rMut   .         Stasis   .     (no boots)
MR     ++++.                    (no amulet)
Stlth  +.........               v - ring of wizardry
                                h - ring of positive energy

@: incredibly resistant to hostile enchantments, very unstealthy
A: fangs 3, hooves 1, see invisible, dopey 1, regeneration 3, magic shield,
antimagic bite, no device heal 3, rot immunity
a: Burn Spellbooks, Berserk, Trog's Hand, Brothers in Arms, Renounce Religion


You were on level 3 of the Orcish Mines.
You worshipped Trog.
Trog was extremely pleased with you.
You were hungry.

You visited 2 branches of the dungeon, and saw 14 of its levels.
You also visited: Ice Cave.

You collected 1613 gold pieces.
You spent 1261 gold pieces at shops.

Inventory:

Hand weapons
 e - a +0 battleaxe of electrocution
 s - a +5 long sword of holy wrath
 B - a +8 hand axe of electrocution (weapon)
Missiles
 w - 2 throwing nets
 x - 8 javelins of penetration (quivered)
 M - 6 javelins of returning
Armour
 c - the -2 helmet of the Tundras (worn) {MR++ SInv}
   (You found it on level 10 of the Dungeon)

   It affects your resistance to hostile enchantments.
   It enhances your eyesight.
 r - a +2 pair of gloves (worn)
 t - a +0 cloak (worn)
 C - a +0 ring mail of poison resistance
 D - a +2 robe of the Archmagi
 I - the +2 ring mail of Weightlessness {Int+3}
   (You found it on level 6 of the Dungeon)

   It affects your intelligence (+3).
 L - a +2 robe of magic resistance (worn)
Magical devices
 b - a wand of digging (7)
 q - a wand of fire (10)
 y - a wand of fireball (7)
 A - a wand of cold (1)
 H - a wand of fire (4)
 N - a wand of cold (5)
 R - a wand of disintegration (15)
Comestibles
 f - 12 fruits
 p - 4 meat rations
 G - 2 bread rations
 W - 5 beef jerkies
 X - 6 royal jellies
Scrolls
 g - 3 scrolls of recharging
 i - 4 scrolls of blinking
 l - 6 scrolls of remove curse
 o - a scroll of teleportation
 E - 3 scrolls of fog {unknown}
 F - 2 scrolls of identify
 K - a scroll of enchant armour
 S - 2 scrolls of fear {unknown}
Jewellery
 h - a ring of positive energy (left hand)
 v - a ring of wizardry (right hand)
Potions
 a - a potion of porridge
 d - 2 potions of magic
 j - 2 potions of restore abilities
 k - 9 potions of curing
 m - a potion of might
 n - a potion of resistance
 z - 2 potions of brilliance
 P - a potion of invisibility
 Q - a potion of berserk rage {unknown}
 U - a potion of beneficial mutation {unknown}
 V - a potion of lignification {unknown}
 Y - 2 potions of haste
 Z - 5 potions of agility
Books
 T - a book of the Earth

   Spells                             Type                      Level
   Leda's Liquefaction                Hexes/Earth                  4
   Bolt of Magma                      Conjuration/Fire/Earth       5
   Statue Form                        Transmutation/Earth          6
   Iron Shot                          Conjuration/Earth            6
   Shatter                            Earth                        9
   Trog disapproves of the use of such an item.
Miscellaneous
 u - a fan of gales
 J - a box of beasts {used: 3}
 O - a plain deck of changes {the Elixir}


   Skills:
 - Level 7.1 Fighting
 * Level 11.6(11.7) Axes
   Level 1.2(7.6) Maces & Flails
 + Level 3.2 Armour
 - Level 9.7 Dodging
 * Level 5.7 Evocations


You had 11 spell levels left.
You didn't know any spells.

Dungeon Overview and Level Annotations

Branches:
Dungeon (11/15)            Temple (0/1) D:7             Orc (3/4) D:11
    Elf: Orc:3-4       Lair: D:8-11

Altars:
Dithmenos
Fedhas
Nemelex Xobeh
Qazlal
Sif Muna
Vehumet
Zin
The Shining One
Beogh

Shops:
Orc:2 !   Orc:3 %?*

Annotations:
D:3 exclusion: door


Innate Abilities, Weirdness & Mutations

You have razor-sharp teeth.
You regenerate.
When hurt, damage is shared between your health and your magic reserves.
Your bite disrupts and absorbs the magic of your enemies.
Potions and wands cannot restore your health.
You are immune to rotting.
You have large cloven feet.
You have supernaturally acute eyesight.
You are dopey. (Int -2)


Message History

Things that are here:
a robe; a dagger
Things that are here:
a flail; a club
Things that are here:
a ring mail; a hand axe An ettin comes into view.
It is wielding two dire flails.
You hit the ettin but do no damage. You kick the ettin, but do no damage.
You bite the ettin, but do no damage. You hit the ettin.
There is a sudden explosion of sparks!
Your kick misses the ettin.
The ettin is moderately wounded.
The ettin misses you. The ettin hits you with a dire flail!!
You hit the ettin but do no damage.
The ettin is moderately wounded.
The ettin hits you with a dire flail!!!
Ouch! That really hurt!
* * * LOW HITPOINT WARNING * * *
The ettin hits you with a dire flail!!
You die...

................#######....##....
........)))).....................
.........))......................
.................................
...................)............
##########.................)....
###.###............#'#.......
###...##)............+∩+.......
#...##)......C@......#'#...#...
##.#.)#)#......................
##.#.).#......................
##....###...............#......
##...### #......................
##.##.# #......................
)%##..# #......................
#.##.#.# #......................
.##.##.# #.#...#.#..#.#.##..##.#


You could see an ettin.

Vanquished Creatures
  An ice dragon (Orc:3)
  Nergalle (Orc:3)
  Erolcha (D:10)
  An ice statue (IceCv)
  A hill giant (D:10)
  A manticore (D:11)
  The ghost of Kashira the Chopper, an experienced VSBe of Trog (D:4)
  A troll (Orc:2)
  2 polar bears (Orc:3)
  A basilisk (D:11)
  3 yaks (Orc:3)
  2 wyverns
  2 hippogriffs
  Eustachio (D:4)
  2 hungry ghosts (D:10)
  A wolf (Orc:3)
  Edmund (D:5)
  2 water moccasins (D:9)
  4 wargs
  13 orc warriors
  A soldier ant (D:9)
  A sky beast (D:8)
  2 black bears
  13 ice beasts
  A yellow wasp (D:9)
  3 ogres
  2 phantoms
  6 centaurs
  5 big kobolds
  Sigmund (D:7)
  3 giant frogs
  2 gnoll sergeants
  A scorpion (D:6)
  An eye of draining (D:8)
  A yak skeleton (D:9)
  8 wights (D:10)
  3 killer bees (D:7)
  5 crimson imps
  An electric eel (Orc:3)
  An elf zombie (D:9)
  A giant frog zombie (D:6)
  3 goliath beetles
  2 jellies (D:11)
  28 orc wizards
  Crazy Yiuf (D:3)
  4 iguanas
  A centaur skeleton (D:7)
  3 hounds
  16 orc priests
  3 worker ants
  2 big kobold zombies (D:9)
  Jessica (D:3)
  2 ogre skeletons
  20 gnolls
  A green rat (D:4)
  15 adders
  2 orc skeletons
  2 shadow imps
  4 worms
  A giant mite (D:4)
  7 giant geckos
  An ooze (D:4)
  134 orcs
  15 bats
  3 giant cockroaches
  22 hobgoblins
  5 jackals
  6 quokkas
  2 giant newts
  19 goblins
  A hobgoblin skeleton (D:6)
  2 hobgoblin zombies
  33 kobolds
  A kobold zombie (D:7)
  2 orc zombies
  A quokka zombie (D:7)
  11 rats
480 creatures vanquished.

Vanquished Creatures (collateral kills)
  2 ice statues (IceCv)
  Psyche (Orc:1)
  A polar bear (Orc:3)
  2 ice beasts (IceCv)
  An orc priest (Orc:1)
7 creatures vanquished.

Vanquished Creatures (others)
  An ogre (Orc:3)
  2 chimeras (IceCv)
  A kobold zombie (D:8)
4 creatures vanquished.

Grand Total: 491 creatures vanquished

Notes
Turn   | Place    | Note
--------------------------------------------------------------
     0 | D:1      | Kashira, the Vine Stalker Berserker, began the quest for the Orb.
     0 | D:1      | Reached XP level 1. HP: 11/11 MP: 1/1
   156 | D:1      | Reached skill level 3 in Axes
   360 | D:1      | Reached XP level 2. HP: 9/16 MP: 3/3
   475 | D:2      | Reached XP level 3. HP: 16/19 MP: 2/4
   574 | D:2      | Reached skill level 4 in Axes
   660 | D:2      | Reached XP level 4. HP: 23/23 MP: 5/5
   666 | D:2      | Acquired Trog's second power
  1439 | D:3      | Noticed Crazy Yiuf
  1444 | D:3      | Killed Crazy Yiuf
  1444 | D:3      | Reached skill level 5 in Axes
  1444 | D:3      | Reached XP level 5. HP: 27/27 MP: 7/7
  1732 | D:3      | Noticed Jessica
  1741 | D:3      | Killed Jessica
  1804 | D:3      | Gained mutation: You heal very quickly. [vine stalker growth]
  1804 | D:3      | Reached XP level 6. HP: 30/32 MP: 6/8
  1813 | D:3      | Found a deep blue altar of Sif Muna.
  2119 | D:3      | Found a stormy altar of Qazlal.
  2121 | D:3      | Found a shadowy altar of Dithmenos.
  2201 | D:3      | Found a glowing silver altar of Zin.
  2269 | D:3      | Found a sparkling altar of Nemelex Xobeh.
  2275 | D:3      | Found a blossoming altar of Fedhas.
  2330 | D:4      | Noticed Kashira's ghost (experienced VSBe)
  2342 | D:4      | Killed Kashira's ghost
  2342 | D:4      | Reached XP level 7. HP: 36/36 MP: 9/9
  2498 | D:4      | Noticed Eustachio
  2540 | D:4      | Killed Eustachio
  2540 | D:4      | Reached skill level 6 in Axes
  2604 | D:4      | Received a gift from Trog
  2753 | D:4      | Reached skill level 1 in Maces & Flails
  2933 | D:5      | Entered Level 5 of the Dungeon
  2949 | D:5      | Gained mutation: You have razor-sharp teeth. [vine stalker growth]
  2949 | D:5      | Reached XP level 8. HP: 34/42 MP: 9/11
  3324 | D:5      | Acquired Trog's third power
  3434 | D:5      | Found a glowing golden altar of the Shining One.
  3669 | D:5      | Noticed Edmund
  3682 | D:5      | Killed Edmund
  3682 | D:5      | Reached skill level 5 in Dodging
  3977 | D:6      | Reached skill level 5 in Fighting
  4062 | D:6      | Reached XP level 9. HP: 47/47 MP: 12/12
  4107 | D:6      | Found a radiant altar of Vehumet.
  4173 | D:6      | Got a shimmering ring mail
  4184 | D:6      | Identified the +2 ring mail of Weightlessness {Int+3} (You found it on level 6 of the Dungeon)
  4598 | D:7      | Reached skill level 7 in Dodging
  4683 | D:7      | Found a staircase to the Ecumenical Temple.
  5056 | D:7      | Noticed Sigmund
  5106 | D:7      | Killed Sigmund
  5690 | D:8      | Received a gift from Trog
  5971 | D:8      | Reached skill level 8 in Dodging
  5978 | D:8      | Gained mutation: You are weak. (Str -2) [mutagenic meat]
  5980 | D:8      | Gained mutation: Your flesh is cold resistant. [mutagenic meat]
  6198 | D:8      | Reached skill level 1 in Evocations
  6198 | D:8      | Reached XP level 10. HP: 53/53 MP: 14/14
  6339 | D:9      | Found a blossoming altar of Fedhas.
  6352 | D:9      | Found a sparkling altar of Nemelex Xobeh.
  7081 | D:10     | Entered Level 10 of the Dungeon
  7101 | D:10     | Reached skill level 9 in Dodging
  7120 | D:10     | Noticed Erolcha
  7129 | D:10     | Killed Erolcha
  7340 | D:10     | Noticed a hill giant
  7347 | D:10     | Killed a hill giant
  7773 | D:10     | Reached XP level 11. HP: 56/58 MP: 20/20
  7813 | D:10     | Received a gift from Trog
  7999 | D:10     | Got a transparent helmet
  8005 | D:10     | Identified the -2 helmet of the Tundras {MR++ SInv} (You found it on level 10 of the Dungeon)
  8394 | D:11     | Found a staircase to the Orcish Mines.
  8624 | Orc:1    | Entered Level 1 of the Orcish Mines
  8738 | Orc:1    | Received a gift from Trog
  8934 | Orc:1    | Reached skill level 5 in Evocations
  9037 | Orc:1    | Noticed Psyche
  9052 | Orc:1    | Killed Psyche
  9375 | Orc:2    | Found Kumufimn's Distillery.
  9382 | Orc:2    | Bought a potion of invisibility for 82 gold pieces
  9382 | Orc:2    | Bought a potion of restore abilities for 45 gold pieces
  9382 | Orc:2    | Bought a potion of mutation for 37 gold pieces
  9382 | Orc:2    | Bought a potion of might for 37 gold pieces
  9382 | Orc:2    | Bought 2 potions of agility for 75 gold pieces
  9382 | Orc:2    | Bought a potion of haste for 105 gold pieces
  9382 | Orc:2    | Bought a potion of heal wounds for 45 gold pieces
  9383 | Orc:2    | Gained mutation: You have supernaturally acute eyesight. [potion of mutation]
  9383 | Orc:2    | Lost mutation: Your flesh is cold resistant. [potion of mutation]
  9383 | Orc:2    | Gained mutation: You have large cloven feet. [potion of mutation]
  9384 | Orc:2    | Lost mutation: You are weak. (Str -2) [potion of mutation]
  9384 | Orc:2    | Gained mutation: You are dopey. (Int -2) [potion of mutation]
  9387 | Orc:2    | Bought a potion of restore abilities for 45 gold pieces
  9387 | Orc:2    | Bought a potion of curing for 30 gold pieces
  9387 | Orc:2    | Bought a potion of curing for 30 gold pieces
  9387 | Orc:2    | Bought a potion of agility for 37 gold pieces
  9387 | Orc:2    | Bought a potion of curing for 30 gold pieces
  9387 | Orc:2    | Bought a potion of resistance for 105 gold pieces
  9450 | Orc:2    | Received a gift from Trog
  9663 | Orc:3    | Noticed Nergalle
  9671 | Orc:3    | Killed Nergalle
  9706 | Orc:3    | Found a frozen archway.
  9707 | Orc:3    | Noticed an ice dragon
  9711 | Orc:3    | Reached skill level 10 in Axes
  9745 | Orc:3    | Killed an ice dragon
  9796 | IceCv    | Entered an ice cave
  9809 | IceCv    | Gained mutation: You regenerate. [vine stalker growth]
  9809 | IceCv    | Reached XP level 12. HP: 53/63 MP: 22/22
  9816 | IceCv    | Reached skill level 11 in Axes
  9862 | IceCv    | Noticed an ice statue
  9862 | IceCv    | Noticed an ice statue
  9862 | IceCv    | Noticed an ice statue
  9986 | IceCv    | Killed an ice statue
  9992 | IceCv    | Killed an ice statue
  9996 | IceCv    | Killed an ice statue
 10112 | Orc:3    | Found Naamyrgh's Magic Scroll Shop.
 10115 | Orc:3    | Bought a scroll of identify for 28 gold pieces
 10115 | Orc:3    | Bought a scroll of identify for 28 gold pieces
 10115 | Orc:3    | Bought a scroll of identify for 28 gold pieces
 10115 | Orc:3    | Bought a scroll of enchant armour for 105 gold pieces
 10115 | Orc:3    | Bought a scroll of recharging for 133 gold pieces
 10446 | Orc:3    | Found Frurrisch's Food Boutique.
 10500 | Orc:3    | Found a roughly hewn altar of Beogh.
 10679 | Orc:3    | Found Warren's General Store.
 10688 | Orc:3    | Received a gift from Trog
 10704 | Orc:3    | Bought a potion of curing for 22 gold pieces
 10704 | Orc:3    | Bought a potion of agility for 27 gold pieces
 10704 | Orc:3    | Bought a scroll of remove curse for 33 gold pieces
 10704 | Orc:3    | Bought a plain deck of changes for 154 gold pieces
 10928 | Orc:3    | Noticed an ettin
 10934 | Orc:3    | Mangled by an ettin

Action                   |  1- 3 |  4- 6 |  7- 9 | 10-12 || total
-------------------------+-------+-------+-------+-------++-------
Melee: Hand axe          |    54 |    31 |     7 |   595 ||   687
       Quarterstaff      |       |    45 |   211 |   177 ||   433
       Club              |       |    20 |   224 |       ||   244
Throw: Javelin           |       |       |       |     8 ||     8
       Throwing net      |       |       |       |     1 ||     1
Invok: Berserk           |     1 |     3 |     1 |    12 ||    17
       Trog's Hand       |       |       |     1 |     1 ||     2
       Brothers in Arms  |       |       |       |     5 ||     5
Evoke: Box of beasts     |       |       |       |     3 ||     3
  Use: Scroll            |       |       |     7 |    15 ||    22
       Potion            |       |       |       |     4 ||     4
 Stab: Paralysed         |       |     1 |     1 |     3 ||     5
       Distracted        |       |       |     1 |       ||     1
       Confused          |       |       |     1 |       ||     1
       Petrifying        |       |       |     1 |       ||     1
       Sleeping          |       |       |       |     4 ||     4
  Eat: Chunk             |       |     3 |    14 |    16 ||    33
       Meat ration       |       |     1 |       |       ||     1
       Royal jelly       |       |       |     1 |       ||     1
       Pizza             |       |       |     1 |       ||     1
       Bread ration      |       |       |       |     3 ||     3
